 Dungeon Crawl Stone Soup version 0.31-a0-620-gd1cbd99268 (webtiles) character file.

Game seed: 3037767255772669175

147844 Dittersdorf the Tortoise (level 17, -1/117 HPs)
             Began as a Gargoyle Fighter on Aug 23, 2023.
             Was the Champion of the Shining One.
             Slain by an emperor scorpion (6 damage)
             ... on level 3 of the Spider Nest.
             The game lasted 00:51:04 (24449 turns).

Dittersdorf the Tortoise (Gargoyle Fighter)        Turns: 24449, Time: 00:51:05

Health: -1/117     AC: 53    Str: 29    XL:     17   Next: 47%
Magic:  2/5        EV: 14    Int: 19    God:    the Shining One [******]
Gold:   2488       SH: 17    Dex: 18    Spells: 16/16 levels left

rFire   . . .        w - +7 whip "Yppiviv" {antimagic, Int+5}
rCold   . . .        g - +2 kite shield
rNeg    + + +        N - +7 chain mail of Loss {rN+ Dex+2 Stlth+}
rPois   ∞            j - +0 helmet
rElec   +            x - +4 cloak of the Realm of Zot {Rampage Regen+ Dex+5}
rCorr   .            r - +2 pair of gloves
SInv    .            O - +2 pair of boots {rampage}
Will    +++..        F - amulet of regeneration Stlth
                     q - +5 ring of evasion
HPRegen 1.99/turn    h - ring of Aguh {AC+4 Str+2 Int+4 Dex+2}
MPRegen 0.09/turn

%: rampage
@: flying, glowing, studying Spellcasting
A: sickness immunity, AC +12, big wings, negative energy resistance 1,
electricity resistance, torment resistance 1, petrification resistance,
strong-willed 2
a: Renounce Religion, Divine Shield, Cleansing Flame, Summon Divine Warrior,
Brand Weapon With Holy Wrath


You were on level 3 of the Spider Nest.
You worshipped the Shining One.
The Shining One was exalted by your worship.
You visited 5 branches of the dungeon, and saw 26 of its levels.
You also visited: Ossuary and Volcano.

You collected 3325 gold pieces.
You spent 837 gold pieces at shops.

Inventory:

Hand Weapons
 t - a +4 flail of protection
 w - the +7 whip "Yppiviv" (weapon) {antimagic, Int+5}
   (You found it on level 2 of the Spider Nest)

   Int+5:     It affects your intelligence (+5).
Missiles
 f - 3 throwing nets
Armour
 g - a +2 kite shield (worn)
 j - a +0 helmet (worn)
 k - a +2 plate armour of fire resistance
 r - a +2 pair of gloves (worn)
 x - the +4 cloak of the Realm of Zot (worn) {Rampage Regen+ Dex+5}
   (You acquired it on level 8 of the Dungeon)

   Dex+5:     It affects your dexterity (+5).
   Regen+:    It increases your rate of health regeneration.
   Rampage:   It bestows one free step when moving towards enemies.
 G - a +0 chain mail of willpower
 N - the +7 chain mail of Loss (worn) {rN+ Dex+2 Stlth+}
   (You found it on level 15 of the Dungeon)

   Dex+2:     It affects your dexterity (+2).
   rN+:       It protects you from negative energy.
   Stlth+:    It makes you more stealthy.
 O - a +2 pair of boots of rampaging (worn)
 P - a +3 plate armour of cold resistance
Jewellery
 h - the ring of Aguh (right hand) {AC+4 Str+2 Int+4 Dex+2}
   (You bought it in a shop on level 2 of the Orcish Mines)

   [ring of protection]

   AC+4:      It affects your AC (+4).
   Str+2:     It affects your strength (+2).
   Int+4:     It affects your intelligence (+4).
   Dex+2:     It affects your dexterity (+2).
 q - a +5 ring of evasion (left hand)
 B - a ring of fire
 F - an amulet of regeneration (around neck)
 M - a +6 ring of intelligence
Wands
 s - a wand of digging (7)
 L - a wand of acid (6)
Scrolls
 b - 2 scrolls of revelation
 e - a scroll of fog
 n - 5 scrolls of teleportation
 o - 5 scrolls of enchant weapon
 p - 2 scrolls of enchant armour
 y - 2 scrolls of fear
 E - 6 scrolls of butterflies
 H - 4 scrolls of identify
 J - a scroll of silence
 K - 3 scrolls of blinking
Potions
 a - 5 potions of heal wounds
 c - a potion of brilliance
 d - 2 potions of might
 i - 3 potions of invisibility
 l - 5 potions of curing
 m - 2 potions of haste
 v - a potion of berserk rage
 z - 3 potions of enlightenment
 C - 2 potions of magic
 D - 6 potions of ambrosia
Miscellaneous
 I - a phantom mirror


   Skills:
 + Level 17.3 Fighting
 + Level 15.8 Maces & Flails
 + Level 17.4 Armour
 + Level 17.4 Shields


You had 16 spell levels left.
You didn't know any spells.
Your spell library contained the following spells:

 Spells                   Type           Power      Damage    Failure   Level
 Foxfire                  Conj/Fire      0%         2x1d4     56%         1
 Freeze                   Ice            0%         1d3       56%         1
 Kiss of Death            Conj/Necr      0%         2d5       56%         1
 Magic Dart               Conj           0%         1d3       56%         1
 Shock                    Conj/Air       0%         1d3       56%         1
 Summon Small Mammal      Summ           0%         N/A       56%         1
 Blink                    Tloc           0%         N/A       71%         2
 Lesser Beckoning         Tloc           0%         N/A       71%         2
 Momentum Strike          Conj/Tloc      0%         3d8       71%         2
 Searing Ray              Conj           0%         2d4       71%         2
 Wereblood                Tmut           0%         N/A       71%         2
 Call Canine Familiar     Summ           0%         N/A       91%         3
 Confusing Touch          Hex            0%         N/A       91%         3
 Frozen Ramparts          Ice            0%         1d1       91%         3
 Hailstorm                Conj/Ice       0%         3d3       91%         3
 Ignite Poison            Fire/Tmut/Pois 0%         N/A       91%         3
 Ozocubu's Armour         Ice            0%         N/A       91%         3
 Summon Guardian Golem    Hex/Summ       0%         N/A       91%         3
 Swiftness                Air            0%         N/A       91%         3
 Airstrike                Air            0%         2d(0-16)  100%        4
 Dispel Undead            Necr           0%         3d6       100%        4
 Fulminant Prism          Conj/Hex       0%         3d5       100%        4
 Petrify                  Tmut/Erth      0%         N/A       100%        4
 Sticky Flame             Conj/Fire      0%         2d3       100%        4
 Irradiate                Conj/Tmut      0%         3d11      100%        5
 Metabolic Englaciation   Hex/Ice        0%         N/A       100%        5
 Plasma Beam              Fire/Air       0%         2x1d10    100%        6
 Simulacrum               Ice/Necr       0%         N/A       100%        6
 Starburst                Conj/Fire      0%         6d3       100%        6
 Ignition                 Fire           0%         3d3       100%        8
 Sublimation of Blood     Necr           Unusable   N/A       N/A         2

Dungeon Overview and Level Annotations

Branches:
Dungeon (15/15)            Temple (1/1) D:5            Lair (5/5) D:10
  Swamp (0/4) Lair:2       Spider (3/4) Lair:2        Slime (0/5) Lair:5
    Orc (2/2) D:12            Elf (0/3) Orc:2        Vaults (0/5) D:13
 Depths (0/4) D:15        Ossuary (visited)         Volcano (visited)

Altars:
Ashenzari
Cheibriados
Dithmenos
Elyvilon
Fedhas
Gozag
Hepliaklqana
Kikubaaqudgha
Makhleb
Nemelex Xobeh
Okawaru
Qazlal
Ru
Sif Muna
Trog
Uskayaw
Vehumet
Wu Jian
Xom
Yredelemnul
Zin
The Shining One
Jiyva

Shops:
D:13 *   Orc:2 (=[*

Annotations:
D:9 1 runed translucent door
Lair:3 4 runed translucent doors, Gesaczie's ghost, journeyman MiFi; Ifaaq's ghost, journeyman MiFi
Lair:5 1 runed translucent door
Orc:1 6 transporters


Innate Abilities, Weirdness & Mutations

You are immune to sickness and miasma.
Your stone body is resilient. (AC +12)
You are immune to poison.
Your large and strong wings let you fly.
You resist negative energy. (rN+)
You are resistant to electric shocks. (rElec)
You are resistant to unholy torment.
You are immune to petrification.
You are highly strong-willed. (Will++)


Message History

The emperor scorpion claws you.
* * * LOW HITPOINT WARNING * * *
The emperor scorpion stings you but does no damage.
The emperor scorpion claws you but does no damage. x2
The jumping spider leaps!
The emperor scorpion misses you.
The emperor scorpion claws you but does no damage. x2
The emperor scorpion attacks as it pursues you!
You block the emperor scorpion's attack.
The emperor scorpion claws you but does no damage.
The emperor scorpion closely misses you.
The jumping spider pounces on you but does no damage.
The jumping spider closely misses you.
The emperor scorpion stings you but does no damage.
You block the emperor scorpion's attack.
The emperor scorpion claws you but does no damage.
You block the jumping spider's attack.
The jumping spider bites you but does no damage.
The emperor scorpion attacks as it pursues you!
You block the emperor scorpion's attack.
The emperor scorpion claws you but does no damage.
The emperor scorpion claws you.
* * * LOW HITPOINT WARNING * * *
The emperor scorpion stings you but does no damage.
The emperor scorpion claws you!
* * * LOW HITPOINT WARNING * * *
You block the emperor scorpion's attack.
The moth of wrath goads the jumping spider on!
The jumping spider goes berserk!
You block the jumping spider's attack.
The jumping spider bites you but does no damage.
The emperor scorpion attacks as it pursues you!
The emperor scorpion completely misses you. x2
The emperor scorpion claws you!
* * * LOW HITPOINT WARNING * * *
The emperor scorpion attacks as it pursues you!
You block the emperor scorpion's attack.
The emperor scorpion claws you but does no damage. x2
The emperor scorpion barely misses you.
You block the emperor scorpion's attack.
The emperor scorpion claws you.
You die...

###..#..#....# ##
#.^...#......#
#....######..#
..#...†..## ###
#^........##
#^...##....##
###<###.....#
####......#..#
#..#@.....#
##.ss#..#..#
#######.......#.#
###.#..#..y....##
##......#..........
..#.......††.......#..
^..#[....##..#.....# .
..#...##....###....#
.........#.## ##..#


You could see 2 emperor scorpions and a moth of wrath.

Vanquished Creatures
  Nikola (Spider:2)
  Arachne (Spider:2)
  Mlioglotl (Spider:2)
  Frances (Spider:1)
  Donald (Lair:2)
  3 emperor scorpions
  2 ghost moths
  An orc warlord (Orc:1)
  A very ugly thing (D:15)
  A broodmother (Spider:2)
  An eleionoma (Lair:2)
  A minotaur (D:15)
  A dire elephant (Lair:5)
  Azrael (Lair:2)
  A spark wasp (Spider:2)
  A red draconian (Volcano)
  The ghost of Newt the Slicer, a journeyman GrFi of the Shining One (D:15)
  A fire dragon (Lair:5)
  An entropy weaver (Spider:2)
  The ghost of Aphyov the Severer, a journeyman HOFi of Beogh (Orc:1)
  2 rakshasas (D:15)
  A vault guard (D:13)
  2 catoblepae
  8 hydras
  Harold (Lair:1)
  A jorogumo (Spider:1)
  An ogre mage (D:12)
  An alligator (Lair:5)
  6 centaur warriors
  4 radroaches
  A death knight (D:14)
  6 two-headed ogres
  4 death yaks (Lair:5)
  A death scarab (Spider:1)
  5 boulder beetles
  A tengu warrior (D:15)
  A demonic crawler (Lair:2)
  4 orc high priests (Orc:2)
  A sun moth (Spider:1)
  Amaemon (Lair:2)
  2 skysharks
  5 skeletal warriors
  A skyshark (shapeshifter) (D:15)
  A salamander mystic (Volcano)
  A pharaoh ant (Spider:2)
  A glowing orange brain (D:15)
  A swamp dragon (Lair:5)
  2 phantasmal warriors (D:14)
  4 orb spiders
  6 orc knights
  3 steelbarb worms
  3 lindwurms
  A harpy (shapeshifter) (D:14)
  3 deep elf pyromancers
  10 orc sorcerers
  A wolf spider (shapeshifter) (D:15)
  22 ugly things
  4 salamanders (Volcano)
  3 manticores
  6 cyclopes
  7 wolf spiders
  16 elephants
  7 black mambas
  2 molten gargoyles (Volcano)
  7 cane toads
  An orange demon (Lair:2)
  A torpor snail (Lair:5)
  4 gargoyles
  8 rime drakes
  9 komodo dragons
  2 unseen horrors
  A yaktaur (D:12)
  A tengu conjurer (D:15)
  A kobold demonologist (D:14)
  A freezing wraith (D:14)
  A queen bee (Lair:2)
  8 trolls
  3 hornets
  11 tarantellas
  Grinder (D:4)
  8 blink frogs
  A blink frog (shapeshifter) (D:14)
  11 dream sheep (Lair:5)
  12 slime creatures
  A jumping spider (shapeshifter) (D:15)
  9 culicivoras
  18 jumping spiders
  4 wraiths
  A fire elemental (Lair:2)
  8 wyverns
  42 yaks
  2 vampires
  4 basilisks
  Grum (D:11)
  25 redbacks
  2 fire bats (Volcano)
  2 steam dragons
  2 vampire mosquitoes (D:13)
  Menkaure (D:6)
  2 wargs
  3 acid dragons
  11 water moccasins
  34 orc warriors
  A swamp drake (Lair:5)
  4 hell hounds (Lair:2)
  2 ice beasts
  2 black bears
  4 ogres
  25 wolves
  10 centaurs
  7 kobold brigands
  10 bullfrogs
  An elf zombie (Ossuary)
  4 scorpions
  2 gnoll sergeants
  4 wights (D:7)
  30 killer bees
  7 howler monkeys
  4 electric eels
  6 lava snakes (Volcano)
  2 centaur zombies (Ossuary)
  2 gnoll boudas
  3 hounds
  2 human zombies (Ossuary)
  A jelly (D:7)
  21 orc priests
  3 iron imps (D:9)
  2 sleepcaps
  5 iguanas
  33 orc wizards
  7 hell rats (Lair:3)
  Natasha (thrice) (D:3)
  A hound zombie (Ossuary)
  4 mummies
  24 gnolls
  6 adders
  A shadow imp (D:6)
  A white imp (D:8)
  5 adder zombies (Ossuary)
  2 worms (D:3)
  3 dart slugs
  65 orcs
  12 ball pythons
  5 endoplasms
  7 giant cockroaches
  6 goblins
  10 hobgoblins
  3 jackals (D:3)
  21 kobolds
  3 quokkas
  6 bats
  3 frilled lizards
  A gnoll zombie (Ossuary)
  6 goblin zombies (Ossuary)
  3 hobgoblin zombies (Ossuary)
  5 jackal zombies
  A kobold zombie (Ossuary)
  2 orc zombies (Ossuary)
  3 quokka zombies (Ossuary)
  3 rats
  4 rat zombies (Ossuary)
874 creatures vanquished.

Vanquished Creatures (others)
  A tarantella (Spider:1)
1 creature vanquished.

Grand Total: 875 creatures vanquished

Notes
Turn   | Place    | Note
-------+----------+-------------------------------------------
     0 | D:1      | Dittersdorf the Gargoyle Fighter began the quest for the
                  | Orb.
     0 | D:1      | Reached XP level 1. HP: 14/14 MP: 1/1
   129 | D:1      | Reached XP level 2. HP: 17/19 MP: 2/2
   541 | D:2      | Reached XP level 3. HP: 22/23 MP: 3/3
   699 | D:2      | Identified the +1 robe "Ziagugg" {rF+ Int+3}
  1063 | D:3      | Reached XP level 4. HP: 26/29 MP: 4/4
  1353 | D:3      | Found a sacrificial altar of Ru.
  1630 | D:3      | Noticed Natasha
  1644 | D:3      | Killed Natasha
  1645 | D:3      | Reached XP level 5. HP: 22/33 MP: 5/5
  1905 | D:3      | Noticed Natasha
  1917 | D:3      | Killed Natasha
  2045 | D:3      | Found a sacrificial altar of Ru.
  2284 | D:3      | Noticed Natasha
  2291 | D:3      | Killed Natasha
  2596 | D:4      | Reached XP level 6. HP: 39/39 MP: 6/6
  2746 | D:4      | Noticed a black bear
  2769 | D:4      | Killed a black bear
  2959 | D:4      | Noticed Grinder
  2968 | D:4      | Paralysed by Grinder for 2 turns
  2974 | D:4      | Paralysed by Grinder for 2 turns
  2979 | D:4      | Paralysed by Grinder for 3 turns
  3014 | D:4      | Killed Grinder
  3015 | D:4      | Reached skill level 5 in Fighting
  3015 | D:4      | Reached skill level 5 in Armour
  3015 | D:4      | Reached skill level 5 in Shields
  3015 | D:4      | Reached XP level 7. HP: 31/44 MP: 7/7
  3652 | D:5      | Entered Level 5 of the Dungeon
  3749 | D:5      | Found a staircase to the Ecumenical Temple.
  3758 | Temple   | Entered the Ecumenical Temple
  3763 | Temple   | Became a worshipper of the Shining One
  3944 | D:5      | Found an ancient bone altar of Kikubaaqudgha.
  4682 | D:6      | Reached XP level 8. HP: 51/51 MP: 8/8
  4716 | D:6      | Noticed Menkaure
  4727 | D:6      | Killed Menkaure
  4799 | D:6      | Reached skill level 5 in Maces & Flails
  5355 | D:7      | Found a hide-covered altar of Uskayaw.
  5403 | D:7      | Found a broken altar of Ashenzari.
  5462 | D:7      | Noticed a wyvern
  5469 | D:7      | Killed a wyvern
  5470 | D:7      | Reached XP level 9. HP: 41/57 MP: 9/9
  5531 | D:7      | Found a sand-covered staircase.
  5548 | Ossuary  | Entered an ossuary
  5600 | Ossuary  | Reached * piety under the Shining One
  5663 | Ossuary  | Reached ** piety under the Shining One
  5742 | Ossuary  | Reached *** piety under the Shining One
  6099 | D:7      | Found a bloodstained altar of Trog.
  6262 | D:7      | Reached **** piety under the Shining One
  6777 | D:8      | Found a white marble altar of Elyvilon.
  7136 | D:8      | Identified a scroll of acquirement
  7136 | D:8      | Acquired the +4 cloak of the Realm of Zot {Rampage Regen+
                  | Dex+5}
  7175 | D:8      | Reached XP level 10. HP: 64/64 MP: 10/10
  7641 | D:9      | Found a stormy altar of Qazlal.
  7659 | D:9      | Found a burning altar of Makhleb.
  7734 | D:9      | Found an iron altar of Okawaru.
  7756 | D:9      | Noticed a two-headed ogre
  7767 | D:9      | Killed a two-headed ogre
  7975 | D:9      | Found a runed translucent door.
  7979 | D:9      | Reached ***** piety under the Shining One
  7982 | D:9      | Found a basalt altar of Yredelemnul.
  8222 | D:10     | Entered Level 10 of the Dungeon
  8247 | D:10     | Reached XP level 11. HP: 62/71 MP: 11/11
  8390 | D:10     | Reached skill level 10 in Armour
  8393 | D:10     | Reached skill level 10 in Fighting
  8393 | D:10     | Reached skill level 10 in Shields
  8489 | D:10     | Found a blossoming altar of Fedhas.
  8572 | D:10     | Found a shimmering altar of Xom.
  8608 | D:10     | Found an opulent altar of Gozag.
  8819 | D:10     | Found a staircase to the Lair.
  8849 | D:10     | Found a faded altar of an unknown god.
  8870 | D:10     | Found a hazy altar of Hepliaklqana.
  8924 | D:10     | Noticed a two-headed ogre
  8934 | D:10     | Killed a two-headed ogre
  9152 | Lair:1   | Entered Level 1 of the Lair of Beasts
  9629 | Lair:1   | Reached XP level 12. HP: 79/79 MP: 12/12
  9733 | Lair:1   | Reached skill level 10 in Maces & Flails
  9777 | Lair:1   | Noticed a catoblepas
  9792 | Lair:1   | Killed a catoblepas
 10178 | Lair:2   | Noticed Harold
 10837 | Lair:1   | HP: 3/80 [komodo dragon (19)]
 11010 | Lair:1   | Killed Harold
 11157 | Lair:2   | Noticed Amaemon
 11220 | Lair:2   | Killed Amaemon
 11323 | Lair:2   | Found a staircase to the Swamp.
 11323 | Lair:2   | Noticed an eleionoma
 11339 | Lair:2   | Killed an eleionoma
 11340 | Lair:2   | Reached XP level 13. HP: 56/86 MP: 13/13
 11416 | Lair:2   | Found a hole to the Spider Nest.
 12130 | Lair:3   | Found a runed translucent gate.
 12130 | Lair:3   | Found a runed translucent gate.
 12130 | Lair:3   | Found a runed translucent gate.
 12136 | Lair:3   | Found a runed translucent door.
 12143 | Lair:3   | Noticed Ifaaq's ghost (journeyman MiFi)
 12143 | Lair:3   | Noticed Gesaczie's ghost (journeyman MiFi)
 13213 | Lair:5   | Entered Level 5 of the Lair of Beasts
 13329 | Lair:5   | Found a dark tunnel.
 13336 | Volcano  | Entered a volcano
 13645 | Volcano  | Found a bloodstained altar of Trog.
 13770 | Volcano  | Noticed a red draconian
 13782 | Volcano  | Killed a red draconian
 13999 | Lair:5   | Gained mutation: Your large and strong wings let you fly.
                  | [Gargoyle growth]
 13999 | Lair:5   | Reached XP level 14. HP: 72/94 MP: 14/14
 14160 | Lair:5   | Found a runed translucent door.
 14160 | Lair:5   | Found a viscous altar of Jiyva.
 14164 | Lair:5   | Noticed an azure jelly
 14165 | Lair:5   | Found a staircase to the Slime Pits.
 14165 | Lair:5   | Noticed an azure jelly
 14177 | Lair:5   | Reached ****** piety under the Shining One
 14377 | Lair:5   | Noticed a dire elephant
 14399 | Lair:5   | Killed a dire elephant
 15645 | D:11     | Noticed Grum
 15659 | D:11     | Killed Grum
 15772 | D:11     | Reached XP level 15. HP: 86/101 MP: 15/15
 16419 | D:12     | Reached skill level 15 in Armour
 16419 | D:12     | Reached skill level 15 in Shields
 16668 | D:12     | Found a staircase to the Orcish Mines.
 16692 | D:12     | Reached skill level 15 in Fighting
 17119 | Orc:1    | Entered Level 1 of the Orcish Mines
 17135 | Orc:1    | Found a transporter.
 17141 | Orc:1    | Found a transporter.
 17141 | Orc:1    | Found a transporter.
 17142 | Orc:1    | Found a sparkling altar of Nemelex Xobeh.
 17142 | Orc:1    | Noticed a juggernaut
 17147 | Orc:1    | Found a transporter.
 17148 | Orc:1    | Found a transporter.
 17173 | Orc:1    | Found a transporter.
 17406 | Orc:1    | Found a runed translucent door.
 17406 | Orc:1    | Noticed Aphyov's ghost (journeyman HOFi)
 17504 | Orc:1    | Killed Aphyov's ghost
 17515 | Orc:1    | Identified the +10 battleaxe "Lonweg" {venom, rCorr Dex+5}
 17541 | Orc:2    | Entered Level 2 of the Orcish Mines
 17879 | Orc:2    | Found a staircase to the Elven Halls.
 18219 | Orc:2    | Noticed an orc warlord
 18300 | Orc:1    | Killed an orc warlord
 19014 | Orc:2    | Found Wacatiyx's General Store.
 19014 | Orc:2    | Found Kafrum's Jewellery Emporium.
 19024 | Orc:2    | Found Juereov's Antique Armour Emporium.
 19024 | Orc:2    | Found Muitohur's Antique Weapon Shoppe.
 19116 | Orc:2    | Bought the ring of Aguh {AC+4 Str+2 Int+4 Dex+2} for 837
                  | gold pieces
 19346 | D:13     | Found a gate to the Vaults.
 19415 | D:13     | Reached XP level 16. HP: 109/109 MP: 16/16
 19569 | D:13     | You are sucked into a shaft and drop 2 floors!
 19569 | D:15     | Entered Level 15 of the Dungeon
 19967 | D:14     | Identified the +2 ring mail "Vooho" {rC+ Stlth+}
 20066 | D:13     | Found Zin's Purification Station.
 20066 | D:13     | Found a glowing silver altar of Zin.
 20836 | D:15     | Found a staircase to the Depths.
 20946 | D:15     | Identified the +7 chain mail of Loss {rN+ Dex+2 Stlth+}
 20964 | D:15     | Noticed Newt's ghost (journeyman GrFi)
 20990 | D:15     | Found a runed translucent gate.
 20990 | D:15     | Found a runed translucent gate.
 20990 | D:15     | Found a runed translucent gate.
 21039 | D:15     | Reached skill level 15 in Maces & Flails
 21391 | D:15     | Killed Newt's ghost
 21653 | Spider:1 | Entered Level 1 of the Spider Nest
 21697 | Spider:1 | Noticed Donald
 21744 | Lair:2   | Killed Donald
 21817 | Spider:1 | Noticed Frances
 21910 | Spider:1 | Killed Frances
 22069 | Spider:1 | Noticed Azrael
 22159 | Lair:2   | Gained mutation: Your body sometimes deteriorates upon
                  | taking damage. [mutagenic glow]
 22164 | Lair:2   | HP: 5/111 [radroach (51)]
 22179 | Lair:2   | Gained mutation: Your magical capacity is low. (-10% MP)
                  | [mutagenic glow]
 22195 | Lair:2   | Gained mutation: You are vulnerable to heat. (rF-)
                  | [mutagenic glow]
 22219 | Lair:2   | Lost mutation: You are vulnerable to heat. (rF-) [potion of
                  | mutation]
 22219 | Lair:2   | Lost mutation: Your magical capacity is low. (-10% MP)
                  | [potion of mutation]
 22219 | Lair:2   | Gained mutation: You are agile. (Dex +4, Str/Int -1)
                  | [potion of mutation]
 22219 | Lair:2   | Gained mutation: Your movements are slightly less
                  | encumbered by armour. (ER -2) [potion of mutation]
 22220 | Lair:2   | Lost mutation: You are agile. (Dex +4, Str/Int -1) [potion
                  | of mutation]
 22220 | Lair:2   | Lost mutation: Your body sometimes deteriorates upon taking
                  | damage. [potion of mutation]
 22220 | Lair:2   | Lost mutation: Your movements are slightly less encumbered
                  | by armour. (ER -2) [potion of mutation]
 22220 | Lair:2   | Gained mutation: You are frail. (-10% HP) [potion of
                  | mutation]
 22220 | Lair:2   | Gained mutation: You are strong-willed. (Will+) [potion of
                  | mutation]
 22308 | Lair:2   | Killed Azrael
 22429 | Spider:1 | Identified the +6 short sword "Doet" {freeze, rC+ Dex+4}
 22764 | Spider:2 | Reached XP level 17. HP: 61/104 MP: 17/17
 22879 | Spider:2 | Gained mutation: You occasionally lose the ability to drink
                  | potions when taking damage. [mutagenic glow]
 22909 | Spider:2 | Lost mutation: You are frail. (-10% HP) [potion of
                  | mutation]
 22909 | Spider:2 | Lost mutation: You occasionally lose the ability to drink
                  | potions when taking damage. [potion of mutation]
 22909 | Spider:2 | Gained mutation: You are highly strong-willed. (Will++)
                  | [potion of mutation]
 23197 | Spider:2 | Noticed Mlioglotl
 23223 | Spider:2 | Killed Mlioglotl
 23422 | Spider:2 | Noticed Arachne
 23459 | Spider:2 | Killed Arachne
 23465 | Spider:2 | Identified the +7 whip "Yppiviv" {antimagic, Int+5}
 23816 | Spider:2 | Noticed Nikola
 23852 | Spider:2 | Killed Nikola
 24449 | Spider:3 | HP: 5/117 [emperor scorpion (9)]
 24449 | Spider:3 | Slain by an emperor scorpion

Illustrated notes

Levels and vault maps discovered:
D:1:      scummos_arrival_simple_fountains, layout_basic
D:2:      layout_rooms, hangedman_feature_mirror, solitary_fountain
D:3:      minmay_octagon_keep, layout_basic, nicolae_ru_awakened_eye,
          uniq_natasha
D:4:      layout_basic, uniq_grinder
D:5:      layout_basic, nicolae_kikubaaqudgha_miasma_corner,
          minmay_temple_entry_gardened_gates, minmay_misc_feat_hallway,
          nicolae_elevator_lobby_plus
D:6:      layout_basic, palyth_stone_intersect, uniq_menkaure
D:7:      layout_basic, nicolae_uskayaw_dance_studio,
          lemuel_coloured_pillars_altar, mainiacjoe_overflow_small_starburst,
          gup_ossuary_entry_pyramid
D:8:      layout_gridville, mainiacjoe_overflow_brackets
D:9:      layout_basic, mainiacjoe_overflow_tiny_flanked, dk_yredelemnul_ordeal,
          demons_altar, nicolae_qazlal_style_of_elements, minivault_25_ag
D:10:     layout_roguey, beargit_hepliaklqana_dungeon_heroes,
          nicolae_overflow_hidden_temple, lemuel_crystal_altar,
          lemuel_doored_altar, lair_entry_dummy
D:11:     layout_irregular_city, uniq_grum
D:12:     four-leaf_vault, layout_loops_ring, david_orc_3,
          kennysheep_generic_room_4
D:13:     layout_rooms, david_vaults_5, zin_purify
D:14:     layout_roguey, minmay_misc_feat_tower
D:15:     gammafunk_enter_depths_forms, layout_small_grid,
          maelrawn_ghost_gauntlet_escape, corexii_corridor_pit
Temple:   hellmonk_temple_micro_hex
Lair:1:   layout_roguey, nicolae_quartered_pool_super,
          nicolae_lair_grazing_beasts [nicolae_sub_lair_graze_edge,
          nicolae_sub_lair_graze_edge, nicolae_sub_lair_graze_edge,
          nicolae_sub_lair_graze_edge], serial_bayou_shore_a,
          lemuel_fruit_fields
Lair:2:   layout_long_grid, alex1729_swamp_entry_worm_eleionoma,
          spider_nest_entry_a, special_room [special_room_bee],
          minmay_hedge_maze, lemuel_fruit_tree, infiniplex_staircase_pool_2,
          uniq_amaemon, uniq_harold
Lair:3:   gammafunk_mikee_crab_dinner, layout_loops_ring,
          gammafunk_ghost_cemetery
Lair:4:   layout_misc_corridors, minmay_holes
Lair:5:   hangedman_lair_in_review, layout_regular_city,
          guppyfry_lair_end_dragon, slime_entry_2, enter_volcano_2,
          minmay_shattered_shrine, infiniplex_staircase_pool
Spider:1: layout_spider_delve, drop_trap, nicolae_spider_circle_web,
          uniq_frances, uniq_azrael, uniq_donald
Spider:2: layout_cave_pods, nicolae_spider_cling_halls, uniq_nikola,
          uniq_mlioglotl, uniq_arachne
Spider:3: nicolae_spider_hilbert_zone_1 [nicolae_spider_hilbert_4_sides_1_open,
          nicolae_spider_hilbert_4_sides_1_open,
          nicolae_spider_hilbert_4_sides_1_open,
          nicolae_spider_hilbert_4_sides_1_open,
          nicolae_spider_hilbert_3_sides_1_open,
          nicolae_spider_hilbert_3_sides_1_open,
          nicolae_spider_hilbert_3_sides_1_open,
          nicolae_spider_hilbert_3_sides_1_open,
          nicolae_spider_hilbert_3_sides_1_open,
          nicolae_spider_hilbert_6_sides_1_open,
          nicolae_spider_hilbert_6_sides_1_open,
          nicolae_spider_hilbert_3_sides_1_open,
          nicolae_spider_hilbert_3_sides_1_open,
          nicolae_spider_hilbert_3_sides_1_open,
          nicolae_spider_hilbert_3_sides_1_open,
          nicolae_spider_hilbert_2_sides_1_open]
Orc:1:    layout_caves, ebering_ghost_reflecting_pool, hellmonk_jugg_or_not
Orc:2:    st_orc_congregation, layout_diamond_mine

Skill      XL: |  1  2  3  4  5  6  7  8  9 10 11 12 13 14 15 16 17 |
---------------+----------------------------------------------------+-----
Armour         | 4 5 7 8 9 11 12 13 14 15 16 17 | 17.4
Shields        | 4 5 7 8 9 10 12 13 14 15 16 17 | 17.4
Fighting       | 4 5 7 8 9 10 12 13 14 15 16 17 | 17.3
Maces & Flails | 3 4 5 7 8 9 11 12 13 14 15 | 15.8

Action                     |  1- 3 |  4- 6 |  7- 9 | 10-12 | 13-15 | 16-18 || total
---------------------------+-------+-------+-------+-------+-------+-------++-------
  Melee: Flail             |    98 |   184 |    17 |       |   921 |  1058 ||  2278
         Morningstar       |       |       |   416 |   768 |   919 |       ||  2103
         Whip              |       |       |       |       |       |   375 ||   375
  Throw: Dart              |       |    12 |       |     4 |       |       ||    16
 Invoke: Divine Shield     |       |       |       |     2 |       |     5 ||     7
    Use: Scroll            |       |       |    18 |     5 |     6 |     2 ||    31
         Potion            |       |       |       |     3 |       |     6 ||     9
 Armour: Scale mail        |    51 |   127 |   226 |   596 |   213 |       ||  1213
         Plate armour      |       |       |       |       |   810 |       ||   810
         Chain mail        |       |       |       |       |   227 |   924 ||  1151
  Dodge: Dodged            |    43 |   116 |   348 |   636 |   999 |   706 ||  2848
  Block: Buckler           |    21 |    53 |   138 |    96 |       |       ||   308
         Kite shield       |       |       |       |   535 |  1543 |  1102 ||  3180

Table legend: (Time is in decaauts)
 A = Elapsed time spent in this place.
 B = Non-inter-level travel time spent in this place.
 C = Inter-level travel time spent in this place.
 D = Time resting spent in this place.
 E = Time spent auto-exploring this place.
 F = Levels seen in this place.
 G = Mean time per level.
                   A        B        C        D        E       F      G
               +--------+--------+--------+--------+--------+-----+--------+
         Total |  24100 |  22752 |   1348 |   1865 |  12952 |  28 |  860.7 |
       Dungeon |  13021 |  12165 |    856 |    599 |   8164 |  15 |  868.1 |
        Temple |     10 |      2 |      8 |      0 |      0 |   1 |   10.0 |
          Lair |   5997 |   5658 |    339 |    779 |   2842 |   5 | 1199.4 |
   Spider Nest |   2201 |   2172 |     29 |    192 |   1095 |   3 |  733.7 |
  Orcish Mines |   1936 |   1821 |    115 |    148 |    724 |   2 |  968.0 |
       Ossuary |    346 |    346 |      0 |     39 |    126 |   1 |  346.0 |
       Volcano |    586 |    586 |      0 |    108 |      0 |   1 |  586.0 |
               +--------+--------+--------+--------+--------+-----+--------+

Top non-repeatable levels by time:
  Lair:2: 1840 daAuts
     D:3: 1543 daAuts
  Lair:5: 1441 daAuts
  Lair:1: 1381 daAuts
Spider:2: 1331 daAuts
     D:4: 1142 daAuts
   Orc:2: 1114 daAuts
    D:12: 1046 daAuts
    D:10: 1014 daAuts
     D:8: 978 daAuts
     D:5: 962 daAuts
     D:7: 949 daAuts
    D:15: 938 daAuts
   Orc:1: 822 daAuts
  Lair:3: 813 daAuts
